 Dungeon Crawl Stone Soup version 0.28-a0-1147-gc7b72d3202 (webtiles) character file.

Game seed: 12433466869585720704

5 GenialerGandalf the Skirmisher (level 1, -1/20 HPs)
             Began as a Hill Orc Fighter on Dec 13, 2021.
             Frozen to death by an endoplasm (4 damage)
             ... on level 1 of the Dungeon on Dec 14, 2021.
             The game lasted 00:01:32 (220 turns).

GenialerGandalf the Skirmisher (Hill Orc Fighter)    Turns: 220, Time: 00:01:32

Health: -1/20      AC:  6    Str: 18    XL:     1   Next: 80%
Magic:  1/1        EV:  9    Int:  8    God:
Gold:   0          SH:  4    Dex: 10    Spells: 0/0 levels left

rFire   . . .      SeeInvis .   a - +0 war axe
rCold   . . .      Faith    .   c - +0 buckler
rNeg    . . .      Spirit   .   b - +0 scale mail
rPois   .          Reflect  .   (no helmet)
rElec   .          Harm     .   (no cloak)
rCorr   .          Rampage  .   (no gloves)
Will    .....                   (no boots)
Stlth   ..........              (no amulet)
HPRegen 0.06/turn               (no ring)
MPRegen 0.07/turn               (no ring)

@: no status effects
A: no striking features
a: no special abilities


You were on level 1 of the Dungeon.
You visited 1 branch of the dungeon, and saw 1 of its levels.

Inventory:

Hand Weapons
 a - a +0 war axe (weapon)
Armour
 b - a +0 scale mail (worn)
 c - a +0 buckler (worn)
Scrolls
 e - a scroll of noise {unknown}
 f - a scroll of summoning {unknown}
Potions
 d - a potion of might


   Skills:
 + Level 3.7 Fighting
 + Level 2.7 Axes
 + Level 3.3 Armour
 + Level 3.5 Shields


You couldn't memorise any spells.
You didn't know any spells.
Your spell library was empty.

Dungeon Overview and Level Annotations

Branches:
Dungeon (1/15)

Altars:


Message History

The kobold closely misses you.
Your shield prevents you from hitting the goblin.
You hit the kobold. You closely miss the hobgoblin.
The goblin closely misses you. You block the hobgoblin's attack.
The kobold hits you with a +0 whip. The goblin barely misses you.
You block the hobgoblin's attack.
You barely miss the goblin. You hit the kobold.
You kill the kobold!
You closely miss the hobgoblin. The goblin hits you but does no damage.
The hobgoblin hits you but does no damage.
You barely miss the goblin. You closely miss the hobgoblin.
You closely miss the kobold. The kobold barely misses you.
You block the goblin's attack. The hobgoblin barely misses you.
You block the kobold's attack. The goblin hits you with a +0 club.
* * * LOW HITPOINT WARNING * * *
The kobold throws a stone.
You block the stone.
You closely miss the hobgoblin. You block the hobgoblin's attack.
The hobgoblin barely misses you.
Your scale mail prevents you from hitting the hobgoblin.
You hit the goblin. The goblin closely misses you.
The hobgoblin completely misses you.
You barely miss the hobgoblin. You hit the goblin.
The goblin closely misses you. The hobgoblin hits you.
* * * LOW HITPOINT WARNING * * *
The kobold barely misses you. The goblin hits you but does no damage.
You barely miss the hobgoblin. You closely miss the goblin.
You closely miss the kobold. The hobgoblin hits you.
* * * LOW HITPOINT WARNING * * *
The goblin hits you but does no damage. The kobold hits you with a +0 dagger.
* * * LOW HITPOINT WARNING * * *
You block the hobgoblin's attack.
The kobold throws a stone.
The stone hits you but does no damage. The goblin barely misses you.
The kobold throws a stone.
The stone hits you.
* * * LOW HITPOINT WARNING * * *
The kobold throws a stone.
You block the stone.
An endoplasm comes into view.
The endoplasm freezes you.
You are frozen.
You die...

##############
###########K..g.@.......
#........g..###J..#.....
....######### #...# ###
....# #...# ....# #...#
....######## #....
...K........ ....##
....########.##...#
...g............


You could see an endoplasm, a hobgoblin, a goblin and a kobold.

Vanquished Creatures
  2 bats (D:1)
  A hobgoblin (D:1)
  A goblin (D:1)
  A kobold (D:1)
5 creatures vanquished.

Notes
Turn   | Place    | Note
-------+----------+-------------------------------------------
     0 | D:1      | GenialerGandalf the Hill Orc Fighter began the quest for
                  | the Orb.
     0 | D:1      | Reached XP level 1. HP: 19/19 MP: 1/1
   105 | D:1      | Upgraded the game from 0.28-a0-1142-gc8569940dd to
                  | 0.28-a0-1147-gc7b72d3202
   220 | D:1      | Frozen to death by an endoplasm

Illustrated notes

Levels and vault maps discovered:
D:1:      ncdulo_halloftheorcs, layout_rooms, hellmonk_ecumenical_altar_blasted,
          hex_tiny

Action                   || total
-------------------------++-------
Melee: War axe           ||    19
Armor: Scale mail        ||    27
Dodge: Dodged            ||    30
Block: Buckler           ||    18

Table legend: (Time is in decaauts)
 A = Elapsed time spent in this place.
 B = Non-inter-level travel time spent in this place.
 C = Inter-level travel time spent in this place.
 D = Time resting spent in this place.
 E = Time spent auto-exploring this place.
 F = Levels seen in this place.
 G = Mean time per level.
                   A        B        C        D        E       F      G
               +--------+--------+--------+--------+--------+-----+--------+
         Total |    227 |    227 |      0 |      0 |     72 |   1 |  227.0 |
       Dungeon |    227 |    227 |      0 |      0 |     72 |   1 |  227.0 |
               +--------+--------+--------+--------+--------+-----+--------+

Top non-repeatable levels by time:
     D:1: 227 daAuts
